 Dungeon Crawl Stone Soup version 0.19.4-8-ga85b6b9 (webtiles) character file.

662 sveltemanboy the Destroyer (level 7, -1/36 HPs)
             Began as a Tengu Conjurer on Feb 8, 2017.
             Slain by Sigmund
             ... wielding a +3 scythe of flaming
              (13 damage)
             ... on level 5 of the Dungeon.
             The game lasted 00:12:50 (5502 turns).

sveltemanboy the Destroyer (Tengu Conjurer)         Turns: 5502, Time: 00:12:50

Health: -1/36      AC:  4    Str:  9    XL:     7   Next: 56%
Magic:  8/16       EV: 12    Int: 17    God:
Gold:   267        SH:  0    Dex: 14    Spells: 5 memorised, 0 levels left

rFire  . . .     SeeInvis .     p - +1 dagger (elec)
rCold  . . .     Gourm    .     a - +0 robe
rNeg   + . .     Faith    .     (no shield)
rPois  .         Spirit   .     (helmet restricted)
rElec  .         Reflect  .     (no cloak)
rCorr  .         Harm     .     k - +1 pair of gloves
MR     .....                    (boots unavailable)
Stlth  ++........               (no amulet)
                                (no ring)
                                n - ring of positive energy

@: no status effects
A: beak, talons 3, able to fly 1
a: Fly


You were on level 5 of the Dungeon.
You were not hungry.

You visited 1 branch of the dungeon, and saw 5 of its levels.

You collected 267 gold pieces.

Inventory:

Hand Weapons
 p - a +1 dagger of electrocution (weapon)
 q - a +1 long sword
Armour
 a - a +0 robe (worn)
 k - a +1 pair of gloves (worn)
Jewellery
 n - a ring of positive energy (left hand)
Scrolls
 g - a scroll of amnesia {unknown}
 h - 2 scrolls of enchant weapon
 j - a scroll of blinking
 t - a scroll of remove curse
 u - a scroll of enchant armour {unknown}
 v - 2 scrolls of teleportation {unknown}
 x - a scroll of recharging {unknown}
Potions
 d - a potion of invisibility
 e - 2 potions of mutation {unknown}
 f - 2 potions of heal wounds
 i - a potion of agility
 o - a potion of haste
 r - a potion of flight
Books
 b - a book of Conjurations

   Spells                             Type                      Level
   a - Magic Dart                     Conjuration                  1
   b - Searing Ray                    Conjuration                  2
   c - Dazzling Spray                 Conjuration/Hexes            3
   d - Fulminant Prism                Conjuration/Hexes            4
   e - Iskenderun's Mystic Blast      Conjuration                  4
   f - Iskenderun's Battlesphere      Conjuration/Charms           5
Comestibles
 c - 6 bread rations
 m - a meat ration
 s - a slice of pizza


   Skills:
 - Level 2.1 Dodging
 - Level 2.0 Stealth
 * Level 5.4 Spellcasting
 * Level 9.1 Conjurations
 + Level 0.1 Charms


You couldn't memorise any spells.
You knew the following spells:

 Your Spells              Type           Power        Failure   Level  Hunger
a - Magic Dart            Conj           ####         1%          1    None
b - Searing Ray           Conj           #####.       1%          2    #......
c - Iskenderun's Mystic   Conj           #####...     3%          4    ####...
d - Iskenderun's Battles  Conj/Chrm      ###.....     58%         5    ######.
e - Fulminant Prism       Conj/Hex       ###.......   24%         4    ####...


Dungeon Overview and Level Annotations

Branches:
Dungeon (5/15)
 Temple: D:4-7

Altars:
Ashenzari
Dithmenos
Kikubaaqudgha
Makhleb
Ru
Uskayaw
The Shining One

Annotations:
D:5 Sigmund


Innate Abilities, Weirdness & Mutations

You have a beak for a mouth.
You have claws for feet.
You can fly.


Message History

The searing ray hits Sigmund.
Sigmund is lightly wounded.
Sigmund gestures at you while chanting. The puff of flame hits you!
The searing ray misses Sigmund.
Sigmund hits you but does no damage.
The searing ray hits Sigmund.
Sigmund is heavily wounded.
You finish channeling your searing ray.
Sigmund casts a spell.
Sigmund flickers and vanishes!
Deactivating autopickup; reactivate with Ctrl-A.
Casting: Searing Ray
Confirm with . or Enter, or press ? or * to list all spells.
Aiming: Searing Ray
Press: ? - help, Shift-Dir - straight line (Press . to maintain the ray.)
Something hits you! Something burns you.
The searing ray hits something.
The searing ray hits something.
Something hits you!
You die...

#........#.# #.# ###.# #######
#####......# #.# ..... ......#
#....#.# #.# .##.# #####.#
#......# #.##.##.# #.# ##...###
#........ #####.##### #...#
##...##.# ..#.......#
#{..######......#
..#.#####.#######................
#...# #.......@..>.............
##..# #....[...................
#...# #........................
..#.#####.#######...#####.#....##
..#.......# ##..>..)...#....#.
.#####.#.## #.....)#####...... .#
#.#.# #....#.######.#...
.#####.#.# #.........###...##
......>#.# #.......#....##...


There were no monsters in sight!

Vanquished Creatures
  An ice beast (D:5)
  A scorpion (D:4)
  2 hounds (D:5)
  4 orc priests
  2 orc wizards (D:3)
  A worker ant (D:4)
  A hound skeleton (D:5)
  Robin (D:3)
  A howler monkey skeleton (D:5)
  3 gnolls (D:4)
  5 adders
  An ooze (D:1)
  A leopard gecko (D:3)
  28 orcs
  5 ball pythons
  9 bats
  6 giant cockroaches
  16 goblins
  11 hobgoblins
  9 jackals
  2 quokkas
  5 frilled lizards (D:4)
  7 kobolds
  A quokka skeleton (D:4)
  11 rats
134 creatures vanquished.

Notes
Turn   | Place    | Note
-------+----------+-------------------------------------------
     0 | D:1      | sveltemanboy the Tengu Conjurer began the quest for the Orb.
     0 | D:1      | Reached XP level 1. HP: 10/10 MP: 4/4
   291 | D:1      | Reached XP level 2. HP: 15/15 MP: 4/6
   295 | D:1      | Learned a level 2 spell: Searing Ray
   784 | D:1      | Reached skill level 6 in Conjurations
   784 | D:1      | Reached XP level 3. HP: 19/19 MP: 2/7
  1801 | D:3      | Found a faded altar of an unknown god.
  1803 | D:3      | Reached XP level 4. HP: 24/24 MP: 6/9
  2485 | D:3      | Gained mutation: You can fly. [Tengu growth]
  2485 | D:3      | Reached XP level 5. HP: 28/28 MP: 6/11
  2574 | D:3      | Reached skill level 7 in Conjurations
  2654 | D:3      | Noticed Robin
  2656 | D:3      | Killed Robin
  2823 | D:3      | Reached XP level 6. HP: 32/32 MP: 9/13
  2989 | D:3      | Found a burning altar of Makhleb.
  2995 | D:3      | Found a hide-covered altar of Uskayaw.
  2995 | D:3      | Found an ancient bone altar of Kikubaaqudgha.
  3010 | D:3      | Found a sacrificial altar of Ru.
  3369 | D:3      | You fall through a shaft!
  3577 | D:4      | Found a shattered altar of Ashenzari.
  3629 | D:3      | Found a shadowy altar of Dithmenos.
  3808 | D:4      | Reached skill level 8 in Conjurations
  4478 | D:5      | Entered Level 5 of the Dungeon
  4572 | D:5      | Reached XP level 7. HP: 25/36 MP: 11/15
  4658 | D:5      | Reached skill level 5 in Spellcasting
  4903 | D:5      | Reached skill level 9 in Conjurations
  4961 | D:5      | Learned a level 4 spell: Iskenderun's Mystic Blast
  4967 | D:5      | Learned a level 5 spell: Iskenderun's Battlesphere
  4972 | D:5      | Learned a level 4 spell: Fulminant Prism
  5223 | D:5      | Noticed Sigmund
  5397 | D:5      | Found a glowing golden altar of the Shining One.
  5502 | D:5      | Slain by Sigmund

Skill      XL: |  1  2  3  4  5  6  7 |
---------------+----------------------+-----
Conjurations   | 6 7 8 9 |  9.1
Spellcasting   | 3 4 5 |  5.4
Dodging        | |  2.1
Stealth        | |  2.0
Charms         | |  0.1

Action                   |  1- 3 |  4- 6 |  7- 9 || total
-------------------------+-------+-------+-------++-------
Melee: Peck              |     1 |     9 |     2 ||    12
       Kick              |     1 |     8 |     6 ||    15
       Unarmed           |     1 |       |       ||     1
       Dagger            |       |    70 |    20 ||    90
 Cast: Magic Dart        |    79 |    76 |    15 ||   170
       Searing Ray       |     3 |    13 |     8 ||    24
  Use: Scroll            |       |     9 |       ||     9
 Stab: Sleeping          |       |     4 |       ||     4
  Eat: Chunk             |     3 |     8 |     4 ||    15
Armor: Robe              |     5 |    19 |    10 ||    34
Dodge: Dodged            |     5 |    35 |    11 ||    51
